Map: Overgrown Facility

Players

Nigrnog

  • Race: Zerg Zerg
  • League: Gold
  • Spawn Location: 9:00

MooEsqoo

  • Race: Protoss Protoss
  • Spawn Location: 7:00

BerlinerToni

  • Race: Protoss Protoss
  • Spawn Location: 1:00

dustin

  • Race: Protoss Protoss
  • League: Platinum
  • Spawn Location: 3:00

VOD

Have the link to the VOD?

Description

Time

  • Played on: Jan. 16, 2020, 9:44 a.m.
  • Length: 20:41
Show
View Real Time Build Order
Export as new Build Order

Nigrnog Zerg 

Build Orders: Pool First 

Get SALT Encoding   

  12  0:01  Drone  
  13  0:13  Overlord  
  13  0:18  Drone  
  14  0:28  Extractor  
  14  0:32  Drone  
  14  0:33  Drone  
  15  0:40  Drone  
  16  0:50  Spawning Pool  
  16  0:55  Drone  
  16  1:29  Drone x3  
  19  1:41  Drone  
  19  1:44  Hatchery  
  19  1:48  Queen  
  21  2:10  Zergling x2  
  21  2:11  Overlord  
  22  2:32  Zergling x4  
  22  2:37  Metabolic Boost  
  24  2:45  Hatchery  
  24  2:50  Drone x2  
  25  2:55  Queen  
  27  3:04  Lair  
  27  3:16  Drone  
  27  3:17  Drone x2  
  30  3:26  Drone  
  30  3:27  Drone x2  
  33  3:35  Extractor  
  33  3:40  Extractor  
  31  3:43  Extractor  
  30  3:50  Roach Warren  
  30  3:51  Baneling Nest  
  30  3:54  Zergling x4  
  30  4:02  Drone x2  
  32  4:07  Overlord  
  32  4:12  Drone  
  32  4:14  Drone  
  34  4:18  Zergling x2  
  34  4:20  Zergling x2  
  36  4:27  Drone x2  
  38  4:41  Drone  
  38  4:42  Drone x2  
  41  4:52  Spine Crawler  
  41  4:56  Queen  
  42  5:00  Glial Reconstitution  
  42  5:02  Centrifical Hooks  
  42  5:04  Zergling x4  
  44  5:09  Overlord  
  44  5:14  Baneling x5  
  44  5:38  Spore Crawler  
  43  5:43  Spore Crawler  
  43  5:44  Spore Crawler  
  43  5:46  Spore Crawler  
  43  5:48  Spore Crawler  
  43  5:49  Spore Crawler  
  38  5:57  Spire  
  38  5:58  Drone x2  
  39  6:06  Drone  
  39  6:09  Drone  
  41  6:15  Drone  
  41  6:18  Drone  
  43  6:21  Drone  
  39  7:07  Drone x2  
  39  7:08  Drone x8  
  49  7:17  Pneumatized Carapace  
  49  7:25  Hatchery  
  47  7:33  Spore Crawler  
  46  7:44  Drone  
  47  7:51  Drone x2  
  47  7:53  Overlord  
  49  7:59  Hatchery  
  48  8:12  Drone x4  
  52  8:13  Drone x5  
  52  8:18  Overlord  
  57  8:22  Overlord  
  57  8:36  Overlord x3  
  57  8:37  Overlord  
  57  8:52  Corruptor x3  
  63  9:01  Zerg Flyer Weapons Level 1  
  63  9:06  Infestation Pit  
  63  9:07  Drone x3  
  65  9:12  Drone  
  66  9:24  Corruptor x4  
  66  9:29  Overlord  
  74  9:40  Corruptor x2  
  78  9:56  Corruptor x4  
  78  9:59  Drone  
  87  10:08  Corruptor x2  
  87  10:11  Overlord  
  91  10:19  Queen  
  93  10:22  Queen  
  93  10:25  Corruptor x2  
  99  10:32  Corruptor  
  99  10:33  Corruptor  
  103  10:37  Corruptor  
  105  10:47  Overlord x3  
  105  11:01  Overlord x2  
  95  11:25  Corruptor x3  
  93  11:26  Corruptor x3  
  93  11:29  Overlord  
  105  11:39  Overlord x3  
  102  11:59  Mutalisk, Corruptor x3  
  97  12:25  Corruptor  
  97  12:26  Corruptor x4  
  93  12:48  Corruptor x3  
  93  12:49  Corruptor  
  95  13:11  Corruptor x4  
  103  13:23  Corruptor x2  
  105  13:53  Corruptor  
  105  13:54  Corruptor x4  
  116  14:02  Drone  
  116  14:03  Queen  
  118  14:11  Hive  
  118  14:15  Corruptor  
  112  14:40  Corruptor x4  
  118  14:49  Corruptor  
  120  15:08  Overlord x2  
  120  15:19  Hatchery  
  120  15:20  Hatchery  
  118  15:26  Corruptor x3  
  124  15:30  Overlord  
  124  15:39  Corruptor  
  125  15:59  Greater Spire  
  125  16:01  Zergling x2  
  125  16:02  Zergling x16  
  134  16:16  Extractor  
  134  16:17  Extractor  
  132  16:46  Drone x2  
  134  16:52  Zergling x4  
  134  16:53  Zergling x16  
  134  16:54  Zergling x10  
  149  17:04  Drone x2  
  149  17:05  Drone x4  
  149  17:07  Drone x2  
  157  17:21  Overlord  
  157  17:32  Overlord  
  157  17:39  Queen x2  
  161  17:48  Drone x3  
  161  17:50  Drone x2  
  161  17:51  Drone  
  167  17:54  Extractor  
  167  17:57  Extractor  
  165  18:16  Corruptor x2  
  165  18:17  Corruptor, Overlord  
  165  18:18  Overlord x3  
  171  18:22  Brood Lord  
  173  18:41  Drone x3  
  173  18:42  Drone x2  
  178  19:01  Extractor  
  178  19:02  Extractor  
  176  19:08  Brood Lord x8  
  176  19:09  Brood Lord x4  
  200  19:17  Overlord x2  
  200  19:22  Overseer x4  
  140  19:48  Corruptor x3  
  109  20:17  Overlord x3  
  109  20:18  Overlord x5  
Show
View Real Time Build Order
Export as new Build Order

MooEsqoo Protoss 

Build Orders: Carriers 

Get SALT Encoding   

  12  0:03  Probe  
  13  0:17  Pylon  
  13  0:19  Probe  
  14  0:31  Probe  
  15  0:38  Gateway  
  15  0:43  Probe  
  16  1:24  Probe  
  17  1:34  Zealot (Chrono Boost)  
  19  1:41  Gateway  
  19  1:43  Gateway  
  19  1:44  Pylon  
  19  1:46  Probe  
  20  1:57  Zealot (Chrono Boost)  
  22  2:28  Assimilator  
  22  2:33  Zealot  
  22  2:34  Zealot x2  
  28  2:39  Probe  
  29  2:57  Probe  
  30  3:01  Pylon  
  30  3:11  Nexus  
  30  3:19  Cybernetics Core  
  30  3:26  Probe  
  31  3:29  Assimilator  
  31  3:42  Pylon  
  31  3:45  Probe  
  31  3:48  Stalker x2  
  32  3:52  Warp Gate (Chrono Boost)  
  32  3:57  Probe  
  37  4:09  Probe  
  38  4:15  Twilight Council  
  38  4:18  Forge  
  38  4:34  Stalker  
  38  4:35  Stalker  
  42  5:03  Stalker  
  42  5:04  Stalker  
  42  5:05  Stalker  
  48  5:09  Probe x2  
  50  5:21  Probe x2  
  50  5:22  Assimilator  
  50  5:27  Assimilator  
  50  5:28  Robotics Facility  
  52  5:31  Pylon  
  52  5:48  Stargate  
  52  5:51  Probe x2  
  54  6:03  Probe x2  
  54  6:04  Protoss Ground Weapons Level 1 (Chrono Boost)  
  56  6:16  Probe x2  
  58  6:28  Probe x2  
  60  6:39  Stalker x3  
  56  7:02  Stalker x2  
  56  7:03  Stalker  
  56  7:05  Blink (Chrono Boost)  
  62  7:10  Phoenix (Chrono Boost)  
  64  7:20  Probe x2  
  66  7:26  Phoenix (Chrono Boost)  
  68  7:32  Probe x2  
  70  7:52  Pylon  
  70  7:54  Pylon  
  70  7:55  Pylon  
  70  7:58  Pylon  
  70  8:06  Nexus  
  70  8:10  Probe x2, Phoenix  
  70  8:12  Assimilator  
  74  8:15  Assimilator  
  74  8:22  Probe x2  
  74  8:23  Warp Prism (Chrono Boost)  
  76  8:42  Probe x2  
  78  8:53  Stalker  
  78  8:54  Probe x2, Stalker, Sentry  
  86  8:59  Phoenix, Protoss Ground Weapons Level 2 (Chrono Boost)  
  88  9:13  Probe x2  
  90  9:24  Stalker x2  
  90  9:25  Probe x2, Stalker  
  98  9:43  Phoenix  
  100  9:51  Stalker  
  100  9:52  Stalker  
  104  9:53  Stalker  
  106  10:08  Phoenix  
  106  10:10  Templar Archives  
  108  10:25  Pylon  
  108  10:31  Stalker x3  
  114  10:37  Phoenix (Chrono Boost)  
  116  10:58  Phoenix (Chrono Boost)  
  108  11:35  Fleet Beacon  
  108  11:42  Stargate  
  108  11:44  Stargate  
  64  12:17  Stalker x2  
  68  12:23  Stalker  
  57  12:55  Nexus  
  57  12:58  Pylon  
  55  13:02  Pylon x2  
  59  13:25  Carrier (Chrono Boost)  
  64  13:36  Carrier x2 (Chrono Boost)  
  64  13:41  Pylon  
  64  13:47  Pylon  
  64  13:56  Shield Battery  
  64  14:00  Pylon  
  64  14:08  Probe x2  
  66  14:16  Carrier (Chrono Boost)  
  66  14:20  Probe x2  
  74  14:24  Nexus  
  80  14:35  Carrier (Chrono Boost)  
  80  14:37  Carrier (Chrono Boost)  
  80  14:57  Probe x2  
  82  15:06  Observer  
  83  15:09  Probe x2  
  85  15:14  Carrier  
  91  15:22  Protoss Air Weapons Level 1 (Chrono Boost)  
  91  15:27  Warp Prism  
  93  15:30  Pylon  
  93  15:35  Carrier  
  103  16:38  Pylon  
  103  16:41  Pylon  
  103  16:42  Pylon  
  103  16:44  Nexus, Pylon  
  103  16:45  Pylon  
  103  16:47  Pylon  
  103  16:50  Pylon  
  103  16:54  Carrier (Chrono Boost)  
  103  16:59  Carrier (Chrono Boost)  
  109  17:02  Pylon  
  109  17:03  Nexus  
  109  17:04  Pylon  
  109  17:07  Pylon  
  109  17:09  Carrier (Chrono Boost)  
  115  17:18  Pylon  
  115  17:20  Pylon  
  115  17:21  Pylon  
  115  17:23  Shield Battery  
  115  18:06  Carrier  
  115  18:09  Assimilator  
  121  18:13  Assimilator  
  121  18:16  Assimilator  
  121  18:20  Pylon  
  121  18:31  Protoss Air Weapons Level 2 (Chrono Boost), Shield Battery  
  121  18:32  Shield Battery  
  121  18:54  Probe  
  121  18:55  Probe x3  
  125  19:01  Assimilator  
  125  19:03  Carrier  
  125  19:07  Probe x4  
Show
View Real Time Build Order
Export as new Build Order

BerlinerToni Protoss 

Build Orders: Carriers 

Get SALT Encoding   

  12  0:00  Probe  
  13  0:13  Probe  
  14  0:21  Pylon  
  14  0:26  Probe  
  15  0:39  Probe  
  16  0:50  Assimilator  
  16  0:59  Assimilator  
  16  1:07  Probe  
  16  1:10  Gateway  
  17  1:15  Pylon  
  16  1:19  Probe (Chrono Boost)  
  16  1:25  Assimilator  
  17  1:31  Assimilator  
  17  1:32  Probe (Chrono Boost)  
  19  1:40  Probe (Chrono Boost)  
  19  1:46  Forge  
  19  1:55  Probe (Chrono Boost)  
  19  1:56  Pylon  
  20  2:08  Probe (Chrono Boost)  
  21  2:18  Probe (Chrono Boost)  
  22  2:23  Cybernetics Core  
  22  2:26  Probe (Chrono Boost)  
  23  2:30  Probe (Chrono Boost)  
  23  2:33  Photon Cannon  
  24  2:45  Photon Cannon  
  24  2:51  Pylon  
  24  3:04  Stargate  
  24  3:11  Stargate  
  24  3:17  Probe (Chrono Boost)  
  25  3:25  Assimilator  
  26  3:27  Probe (Chrono Boost)  
  26  3:48  Void Ray  
  30  3:56  Void Ray  
  30  4:01  Probe  
  35  4:13  Probe  
  36  4:25  Probe  
  37  4:32  Nexus  
  37  4:43  Void Ray (Chrono Boost)  
  41  5:04  Void Ray (Chrono Boost)  
  45  5:12  Pylon  
  45  5:15  Probe  
  46  5:27  Probe  
  47  5:34  Void Ray  
  51  5:56  Fleet Beacon  
  51  6:07  Stargate  
  35  6:58  Carrier (Chrono Boost)  
  35  7:00  Carrier (Chrono Boost)  
  41  7:08  Probe (Chrono Boost)  
  48  7:09  Probe (Chrono Boost)  
  48  7:10  Assimilator  
  49  7:19  Probe (Chrono Boost)  
  49  7:20  Probe (Chrono Boost)  
  51  7:24  Probe (Chrono Boost)  
  51  7:29  Probe  
  53  7:30  Carrier (Chrono Boost)  
  53  7:35  Probe  
  60  7:41  Probe  
  61  7:47  Probe  
  62  7:53  Probe  
  62  7:58  Carrier  
  69  8:00  Probe  
  70  8:12  Pylon  
  70  8:14  Pylon  
  70  8:16  Pylon  
  70  8:30  Probe, Carrier  
  77  8:42  Probe  
  77  8:43  Carrier  
  84  9:02  Photon Cannon  
  84  9:04  Photon Cannon  
  84  9:12  Carrier  
  90  9:38  Nexus  
  90  9:57  Pylon  
  90  9:59  Pylon  
  90  10:01  Pylon  
  90  10:15  Carrier x2  
  102  10:36  Carrier  
  108  10:43  Assimilator  
  108  10:44  Assimilator  
  108  11:04  Stargate  
  108  11:14  Warp Gate (Chrono Boost)  
  104  11:36  Phoenix  
  104  11:38  Phoenix  
  108  11:40  Phoenix  
  98  11:58  Gateway  
  98  12:00  Gateway  
  86  12:01  Phoenix  
  86  12:03  Gateway  
  86  12:05  Gateway  
  82  12:09  Phoenix x2  
  82  12:10  Gateway, Phoenix  
  82  12:14  Probe  
  89  12:26  Probe, Phoenix  
  92  12:38  Probe  
  81  12:57  Phoenix x4  
  83  13:00  Stalker x3  
  81  13:21  Zealot x3  
  81  13:22  Phoenix x2  
  85  13:42  Twilight Council  
  71  13:53  Zealot x2  
  71  13:54  Zealot x4  
  83  14:16  Stalker x2  
  83  14:17  Stalker x4  
  89  14:21  Protoss Ground Weapons Level 1  
  95  14:26  Forge  
  95  14:29  Forge  
  95  14:30  Charge  
  83  14:43  Zealot  
  83  14:44  Zealot x5  
  95  14:50  Probe (Chrono Boost)  
  97  15:00  Probe (Chrono Boost)  
  97  15:05  Probe (Chrono Boost)  
  98  15:08  Zealot x5  
  108  15:16  Probe  
  77  16:20  Stalker x2  
  77  16:21  Stalker x4  
  63  16:47  Carrier x4 (Chrono Boost)  
  63  16:53  Sentry x2  
  63  16:54  Sentry x2  
  95  17:22  Nexus  
  95  17:39  Carrier (Chrono Boost)  
  95  17:41  Carrier x2 (Chrono Boost)  
  107  17:46  Carrier (Chrono Boost)  
  119  18:14  Nexus  
  119  18:27  Assimilator  
  119  18:32  Assimilator  
  119  18:35  Zealot x3  
  119  18:36  Zealot  
  119  18:37  Zealot  
  119  18:38  Zealot  
  119  18:40  Carrier (Chrono Boost)  
  143  18:50  Carrier (Chrono Boost)  
  143  18:57  Zealot x2  
Show
View Real Time Build Order
Export as new Build Order

dustin Protoss 

Build Orders: Carriers 

Get SALT Encoding   

  12  0:01  Probe (Chrono Boost)  
  13  0:11  Probe (Chrono Boost)  
  14  0:20  Pylon  
  14  0:24  Probe  
  15  0:38  Probe  
  15  0:41  Pylon  
  16  0:50  Probe  
  17  1:03  Gateway  
  17  1:05  Gateway  
  17  1:17  Gateway  
  17  1:33  Probe (Chrono Boost)  
  17  1:34  Gateway  
  17  1:37  Assimilator  
  17  1:39  Assimilator  
  18  1:42  Probe (Chrono Boost)  
  18  1:45  Forge  
  19  1:56  Pylon  
  19  1:59  Probe  
  20  2:11  Probe (Chrono Boost)  
  21  2:21  Photon Cannon  
  22  2:23  Probe (Chrono Boost)  
  22  2:25  Cybernetics Core  
  22  2:28  Probe (Chrono Boost)  
  23  2:38  Probe  
  23  2:39  Photon Cannon  
  24  2:54  Pylon  
  24  3:07  Stargate  
  24  3:09  Stargate  
  24  3:19  Photon Cannon  
  24  3:43  Nexus  
  24  3:46  Probe (Chrono Boost)  
  25  3:58  Probe (Chrono Boost)  
  26  4:03  Void Ray  
  30  4:13  Probe  
  31  4:21  Void Ray  
  35  4:25  Probe (Chrono Boost)  
  36  4:35  Probe (Chrono Boost)  
  36  4:37  Pylon  
  37  4:46  Probe  
  37  4:50  Assimilator  
  38  4:59  Void Ray  
  43  5:00  Probe (Chrono Boost)  
  43  5:04  Probe (Chrono Boost)  
  46  5:14  Probe (Chrono Boost)  
  46  5:15  Probe (Chrono Boost)  
  46  5:20  Void Ray  
  50  5:22  Probe (Chrono Boost)  
  51  5:33  Probe (Chrono Boost)  
  51  5:35  Probe (Chrono Boost)  
  53  5:37  Assimilator  
  53  5:42  Probe (Chrono Boost)  
  55  5:43  Probe (Chrono Boost)  
  55  5:46  Void Ray  
  55  5:49  Stalker  
  61  6:10  Probe  
  62  6:13  Robotics Facility  
  62  6:23  Pylon  
  62  6:40  Void Ray  
  62  6:41  Probe  
  67  6:51  Void Ray  
  67  6:53  Probe  
  68  7:04  Pylon  
  68  7:05  Probe  
  68  7:06  Pylon  
  69  7:10  Stargate  
  69  7:13  Robotics Bay  
  69  7:17  Probe  
  69  7:22  Immortal  
  74  7:29  Probe  
  71  7:34  Void Ray  
  75  7:39  Void Ray  
  79  7:55  Void Ray  
  83  8:11  Nexus  
  83  8:16  Pylon  
  83  8:17  Pylon  
  83  8:19  Pylon  
  83  8:33  Void Ray  
  87  8:38  Void Ray  
  87  8:40  Void Ray  
  91  8:56  Pylon  
  91  8:58  Pylon  
  91  9:03  Pylon  
  91  9:06  Pylon  
  91  9:16  Void Ray  
  95  9:20  Fleet Beacon  
  95  9:21  Void Ray  
  95  9:22  Pylon  
  99  9:25  Probe (Chrono Boost)  
  100  9:32  Assimilator, Void Ray  
  100  9:35  Probe (Chrono Boost)  
  103  9:40  Probe (Chrono Boost)  
  104  9:51  Probe  
  104  9:52  Protoss Shields Level 1, Cybernetics Core  
  105  10:00  Assimilator  
  105  10:01  Protoss Air Weapons Level 1  
  105  10:03  Probe  
  106  10:09  Void Ray  
  110  10:15  Probe  
  111  10:27  Probe  
  112  10:38  Tempest x2  
  112  10:39  Probe  
  123  10:51  Probe  
  124  11:04  Probe  
  125  12:01  Tempest x3  
  125  12:05  Probe  
  133  12:13  Twilight Council  
  117  12:17  Probe  
  103  12:30  Protoss Air Weapons Level 2, Probe  
  103  12:31  Protoss Air Armor Level 1  
  103  12:42  Probe  
  104  12:54  Probe  
  104  12:55  Tempest, Void Ray  
  104  12:56  Tempest  
  119  13:10  Unknown  
  119  13:12  Protoss Shields Level 2  
  119  13:19  Stargate  
  119  13:38  Tempest  
  116  13:47  Nexus  
  108  13:49  Tempest x2  
  118  13:58  Stargate  
  118  14:03  Tempest  
  118  14:08  Anion Pulse-Crystals  
  105  14:40  Void Ray x2  
  105  14:41  Void Ray  
  105  14:43  Void Ray  
  96  14:50  Assimilator  
  96  14:55  Assimilator  
  96  15:01  Probe  
  97  15:09  Void Ray  
  97  15:11  Protoss Air Armor Level 2  
  97  15:14  Probe (Chrono Boost)  
  102  15:15  Stargate  
  102  15:17  Protoss Air Weapons Level 3  
  102  15:25  Probe (Chrono Boost), Carrier  
  109  15:41  Carrier  
  114  15:52  Carrier  
  120  16:07  Probe  
  120  16:10  Carrier  
  127  16:35  Carrier  
  127  16:39  Carrier  
  139  16:56  Carrier  
  145  17:24  Carrier  
  145  17:28  Carrier  
  157  17:34  Nexus  
  157  17:38  Assimilator  
  157  17:42  Assimilator  
  157  18:20  Carrier  
  169  18:34  Carrier  
  169  18:54  Carrier  
  175  19:16  Carrier x2  
Tags
 
Add a new tag
Caveats
  • Supply blocks, unpowered buildings, or Contaminate may cause inaccurate times.
  • Supply counts are checked every 10 seconds.